 Dungeon Sprint DCSS version 0.27.0-66-gdc8fb28755 (webtiles) character file.

Game seed: 5807391079199258255

51 ABBCCCDDDD the Skirmisher (level 3, -9/36 HPs)
             Began as a Minotaur Berserker on Aug 19, 2021.
             Was a Believer of Trog.
             Mangled by a water elemental (15 damage)
             ... in the Dungeon (Sprint III: "The Ten Rune Challenge").
             The game lasted 00:00:35 (291 turns).

ABBCCCDDDD the Skirmisher (Minotaur Berserker)       Turns: 291, Time: 00:00:36

Health: -9/36      AC:  3    Str: 22    XL:     3   Next: 58%
Magic:  2/2        EV: 12    Int:  4    God:    Trog [**....]
Gold:   30         SH:  0    Dex:  9    Spells: 2/2 levels left

rFire    . . .     SeeInvis .   a - +0 hand axe
rCold    . . .     Faith    .   (no shield)
rNeg     . . .     Spirit   .   b - +0 animal skin
rPois    .         Reflect  .   (helmet restricted)
rElec    .         Harm     .   i - +0 cloak
rCorr    .         Rampage  .   (no gloves)
Will     .....     NoTele   +   (no boots)
Stlth    +.........             (no amulet)
HPRegen  0.12/turn              (no ring)
MPRegen  0.08/turn              (no ring)

@: engulfed (cannot breathe)
A: horns 2, retaliatory headbutt
a: Renounce Religion, Berserk, Trog's Hand


You were in the Dungeon.
You worshipped Trog.
Trog was pleased with you.
You visited 1 branch You collected 30 gold pieces.

Inventory:

Hand Weapons
 a - a +0 hand axe (weapon)
Armour
 b - a +0 animal skin (worn)
 i - a +0 cloak (worn)
Scrolls
 h - 2 scrolls of blinking
 k - 2 scrolls of immolation {unknown}
 l - 2 scrolls of identify {unknown}
Potions
 c - a potion of curing
 d - a potion of heal wounds
 e - 2 potions of haste
 f - 2 potions of magic
 g - a potion of berserk rage
 j - 3 potions of mutation {unknown}
 m - 4 potions of flight


   Skills:
 + Level 5.6 Fighting
 + Level 5.6 Axes
 + Level 4.8 Armour
 + Level 4.4 Dodging


You had 2 spell levels left.
You didn't know any spells.
Your spell library was empty.

Dungeon Overview and Level Annotations

Branches:
Dungeon (1/1)

Altars:


Innate Abilities, Weirdness & Mutations

You have a pair of horns on your head.
You reflexively headbutt those who attack you in melee.


Message History

Things that are here:
a +3 quarterstaff of chaos; a +0 cloak
i - a +0 cloak You start putting on your armour.
You continue putting on your +0 cloak. x4
You finish putting on your +0 cloak.
You start resting.
HP restored.
You open the door.
Found 14 gold pieces and 2 viscous puce potions.
There is an open door here.
You now have 21 gold pieces (gained 5).
j - a viscous puce potion;
k - a scroll labelled CUEGIB EWKUNED
l - a scroll labelled EXZYUSM SOLYOC;
j - 2 viscous puce potions (gained 1)
m - 2 potions of flight
j - 3 viscous puce potions (gained 1)
k - 2 scrolls labelled CUEGIB EWKUNED (gained 1)
l - 2 scrolls labelled EXZYUSM SOLYOC (gained 1)
m - 3 potions of flight (gained 1);
m - 4 potions of flight (gained 1)
You now have 30 gold pieces (gained 9).
There is an open door here.
You open the door.
A water elemental comes into view.
You hit the water elemental.
The water elemental is lightly damaged.
The water elemental closely misses you.
You hit the water elemental but do no damage.
The water elemental is lightly damaged.
The water elemental hits you.
The water elemental engulfs you in water!
You hit the water elemental.
The water elemental is lightly damaged.
Your lungs strain for air!
The water elemental hits you!
You hit the water elemental but do no damage.
Your headbutt misses the water elemental.
The water elemental is lightly damaged.
* * * LOW HITPOINT WARNING * * *
Your lungs strain for air!
The water elemental hits you!
You die...

▓▓▓▓▓▓▓▓ ▓▓▓ <..#...####
##.# ...#......#####..#
..##.......#..#..#
##.##.##...#..#..# #+#+#
##.##.###..##'#..#......
#.####.##..###..@E.⌠....
.###..##..####...#...###
#.....##..###....# ⌠.#
###..##...##÷....# .#
##..##....#.)....# #
#..###..##.#.....# #..#
#.. ####....# ▓▓▓▓ ▓▓▓
▓▓▓▓▓▓


You could see a water elemental.

Levels and vault maps discovered:
D:        dungeon_sprint_mu [sprint_mu_entry_cave, sprint_mu_temple_rooms,
          sprint_mu_d1_horrors, sprint_mu_d2_genie, sprint_mu_d3_branching,
          sprint_mu_orc_legion, sprint_mu_elf_gauntlet, sprint_mu_hive_nellie,
          sprint_mu_lair_fedhas, sprint_mu_vaults_butterflies,
          sprint_mu_slime_circle, sprint_mu_swamp_cave, sprint_mu_snake_twists,
          sprint_mu_blade_basic, sprint_mu_crypt_fortress,
          sprint_mu_tomb_spiral, sprint_mu_vestibule_basic,
          sprint_mu_gehenna_hellfire, sprint_mu_dis_giant,
          sprint_mu_tartarus_statrot, sprint_mu_cocytus_islands, sprint_mu_zot1]

Notes
Turn   | Place    | Note
-------+----------+-------------------------------------------
     0 | D        | ABBCCCDDDD the Minotaur Berserker began the quest for the
                  | Orb.
     0 | D        | Reached XP level 1. HP: 19/19 MP: 0/0
    28 | D        | Reached ** piety under Trog
    46 | D        | Noticed Crazy Yiuf
    51 | D        | Killed Crazy Yiuf
    52 | D        | Reached skill level 5 in Fighting
    52 | D        | Reached skill level 5 in Axes
    52 | D        | Reached XP level 2. HP: 16/29 MP: 1/1
    52 | D        | Reached XP level 3. HP: 21/36 MP: 2/2
   286 | D        | Noticed a water elemental
   291 | D        | Mangled by a water elemental

Table legend: (Time is in decaauts)
 A = Elapsed time spent in this place.
 B = Non-inter-level travel time spent in this place.
 C = Inter-level travel time spent in this place.
 D = Time resting spent in this place.
 E = Time spent auto-exploring this place.
 F = Levels seen in this place.
 G = Mean time per level.
                   A        B        C        D        E       F      G
               +--------+--------+--------+--------+--------+-----+--------+
         Total |    294 |    294 |      0 |    199 |     30 |   1 |  294.0 |
       Dungeon |    294 |    294 |      0 |    199 |     30 |   1 |  294.0 |
               +--------+--------+--------+--------+--------+-----+--------+

Top non-repeatable levels by time:
       D: 294 daAuts

Table legend:
 A = Kills in this place as a percentage of kills in entire the game.
 B = Kills by you in this place as a percentage of kills by you in the entire game.
 C = Kills by friends in this place as a percentage of kills by friends in the entire game.
 D = Other kills in this place as a percentage of other kills in the entire game.
 E = Experience gained in this place as a percentage of experience gained in the entire game.
 F = Experience gained in this place divided by the number of levels of this place that you have seen.
                   A       B       C       D       E      F
               +-------+-------+-------+-------+-------+----------------------
         Total | 100.0 | 100.0 |   N/A |   N/A | 100.0 |  74.0
       Dungeon | 100.0 | 100.0 |   N/A |   N/A | 100.0 |  74.0
               +-------+-------+-------+-------+-------+----------------------

Action                   || total
-------------------------++-------
Melee: Hand axe          ||    19
       Headbutt          ||     2
Invok: Berserk           ||     1
Armor: Animal skin       ||     1
Dodge: Dodged            ||     7

Vanquished Creatures
  Crazy Yiuf (D)
  A human (D)
  2 endoplasms (D)
  2 rats (D)
6 creatures vanquished.
